 Dungeon Crawl Stone Soup version 0.21.0-3-g78d12a8 (console) character file.

97 removed the Conjurer (level 4, -5/23 HPs)
             Began as a Vine Stalker Conjurer on Jan 10, 2018.
             Slain by an iguana (10 damage)
             ... on level 4 of the Dungeon.
             The game lasted 00:05:14 (3320 turns).

removed the Conjurer (Vine Stalker Conjurer)        Turns: 3320, Time: 00:05:15

Health: -5/23      AC:  3    Str: 11    XL:     4   Next: 68%
Magic:  0/9        EV: 13    Int: 15    God:
Gold:   93         SH:  0    Dex: 15    Spells: 8/9 levels left

rFire    . . .     SeeInvis +   a - +0 spear
rCold    . . .     Gourm    .   (no shield)
rNeg     . . .     Faith    .   g - +0 robe
rPois    .         Spirit   +   (no helmet)
rElec    .         Reflect  .   (no cloak)
rCorr    .         Harm     .   (no gloves)
MR       .....                  r - +0 pair of boots
Stlth    ++........             (no amulet)
HPRegen  0.47/turn              n - ring of see invisible
MPRegen  0.11/turn              (no ring)

@: no status effects
A: fangs 2, regeneration 1, magic shield, antimagic bite, no potion heal 3, rot
immunity
a: no special abilities


You were on level 4 of the Dungeon.
You were very hungry.

You visited 1 branch of the dungeon, and saw 4 of its levels.

You collected 93 gold pieces.

Inventory:

Hand Weapons
 a - a +0 spear (weapon)
 d - a +0 club
Armour
 g - a +0 robe (worn)
 r - a +0 pair of boots (worn)
Jewellery
 n - a ring of see invisible (left hand)
Scrolls
 f - a scroll of enchant armour {unknown}
 j - 4 scrolls of teleportation {unknown}
 k - 2 scrolls of enchant weapon {unknown}
 l - a scroll of amnesia {unknown}
 o - 2 scrolls of fog {unknown}
 q - 3 scrolls of identify {unknown}
 s - a scroll of blinking {unknown}
 t - a scroll of remove curse {unknown}
 u - a scroll of random uselessness {unknown}
 v - a scroll of noise {unknown}
Potions
 e - a potion of mutation {unknown}
 i - 2 potions of curing {unknown}
 p - a potion of resistance {unknown}
 w - a potion of might {unknown}
 x - a potion of heal wounds {unknown}
Books
 b - a book of Conjurations

   Spells                             Type                      Level
   a - Magic Dart                     Conjuration                  1
   b - Searing Ray                    Conjuration                  2
   c - Dazzling Spray                 Conjuration/Hexes            3
   d - Fulminant Prism                Conjuration/Hexes            4
   e - Force Lance                    Conjuration/Translocation    4
   f - Iskenderun's Mystic Blast      Conjuration                  4
Comestibles
 c - 6 rations


   Skills:
 + Level 2.0 Fighting
 - Level 2.8 Dodging
 - Level 2.4 Stealth
 - Level 3.0 Spellcasting
 - Level 4.0 Conjurations


You had 8 spell levels left.
You knew the following spells:

 Your Spells              Type           Power        Failure   Level  Hunger
a - Magic Dart            Conj           ##..         3%          1    #......


Dungeon Overview and Level Annotations

Branches:
Dungeon (4/15)
 Temple: D:4-7

Altars:
Elyvilon
Qazlal


Innate Abilities, Weirdness & Mutations

You have extremely sharp teeth.
Your natural rate of healing is unusually fast.
When hurt, damage is shared between your health and your magic reserves.
Your bite disrupts and absorbs the magic of your enemies.
Potions cannot restore your health.
You are immune to rotting.


Message History

The iguana barely misses you. The iguana bites you!
* * * LOW HITPOINT WARNING * * *
You are too injured to fight recklessly!
You hit the iguana. Your bite misses the iguana.
The iguana is severely wounded.
The iguana closely misses you.
Casting: Magic Dart
Confirm with . or Enter, or press ? or * to list all spells.
Aiming: Magic Dart
Press: ? - help, Shift-Dir - straight line, f/p - iguana
Aim: an iguana (severely wounded)
The magic dart hits the iguana.
The iguana is severely wounded.
Your magical contamination has completely faded away.
You hit the iguana but do no damage.
The iguana is severely wounded.
The iguana bites you.
* * * LOW HITPOINT WARNING * * *
The iguana bites you!
You die...

#.# #.####
#....#
#.##......#
#.# #######
#.# #.# #l#
#@# #.# #.#
#.# #<# ###


You could see an iguana.

Vanquished Creatures
  3 adders
  3 worms
  2 dart slugs
  4 leopard geckos
  7 bats
  3 giant cockroaches
  4 goblins
  10 hobgoblins
  2 jackals (D:3)
  A quokka (D:2)
  A frilled lizard (D:1)
  8 kobolds
  4 rats (D:2)
52 creatures vanquished.

Notes
Turn   | Place    | Note
-------+----------+-------------------------------------------
     0 | D:1      | removed the Vine Stalker Conjurer began the quest for the Orb.
     0 | D:1      | Reached XP level 1. HP: 9/9 MP: 4/4
   308 | D:1      | Reached skill level 1 in Fighting
   379 | D:1      | Reached XP level 2. HP: 14/14 MP: 4/6
  1081 | D:1      | Reached XP level 3. HP: 18/18 MP: 6/8
  1295 | D:2      | Found a white marble altar of Elyvilon.
  2066 | D:2      | Gained mutation: Your natural rate of healing is unusually fast. [Vine Stalker growth]
  2066 | D:2      | Reached XP level 4. HP: 22/22 MP: 7/9
  2512 | D:3      | Found a stormy altar of Qazlal.
  3320 | D:4      | Slain by an iguana

Skill      XL: |  1  2  3  4 |
---------------+-------------+-----
Fighting       | 1 2 |  2.0
Spellcasting   | 3 |  3.0
Dodging        | 2 |  2.8
Stealth        | |  2.4
Conjurations   | |  4.0

Action                   |  1- 3 |  4- 6 || total
-------------------------+-------+-------++-------
Melee: Spear             |    15 |    27 ||    42
       Unarmed           |     3 |       ||     3
       Bite              |     5 |     4 ||     9
 Cast: Magic Dart        |    89 |    45 ||   134
 Stab: Sleeping          |       |     1 ||     1
  Eat: Chunk             |     4 |     3 ||     7
Armor: Robe              |     1 |     6 ||     7
Dodge: Dodged            |    10 |    25 ||    35
